PAA
MERCER ISLAND SCREAMING EAGLES @ TACOMA FUR TRADERS
09/16/2031
 
TOP OF THE 1ST
Mercer Island Screaming Eagles batting - Pitching for Tacoma Fur Traders : LHP Daniel Ryan
Pitching: LHP Daniel Ryan
Batting: RHB Yu-shu Kang 0-0: Swinging Strike
0-1: Fly out, F3 (Popup, 3SF)
Batting: RHB Pedro Hernández 0-0: Swinging Strike
0-1: Ball
1-1: Called Strike
1-2: Strikes out looking
Batting: SHB Arnold Griffith 0-0: Foul Ball, location: 2F
0-1: Ground out 6-3 (Groundball, 6)
Top of the 1st over - 0 runs, 0 hits, 0 errors, 0 left on base; Mercer Island 0 - Tacoma 0
BOTTOM OF THE 1ST
Tacoma Fur Traders batting - Pitching for Mercer Island Screaming Eagles : RHP Harrison Tuff
Pitching: RHP Harrison Tuff
Batting: RHB Jeremy Geertsen 0-0: Ball
1-0: Foul Ball, location: 2F
1-1: Ball
2-1: Swinging Strike
2-2: Ground out 6-3 (Groundball, 6)
Batting: RHB Ricardo Sandoval 0-0: Foul Ball, location: 2F
0-1: Foul Ball, location: 2F
0-2: Strikes out swinging
Batting: RHB Daryl Yandell 0-0: Foul Ball, location: 2F
0-1: Ball
1-1: Fly out, F9 (Flyball, 9LMF)
Bottom of the 1st over - 0 runs, 0 hits, 0 errors, 0 left on base; Mercer Island 0 - Tacoma 0
TOP OF THE 2ND
Mercer Island Screaming Eagles batting - Pitching for Tacoma Fur Traders : LHP Daniel Ryan
Batting: SHB Serious Lee 0-0: Called Strike
0-1: Foul Ball, location: 2F
0-2: Ball
1-2: Strikes out looking
Batting: RHB Juan Reyes 0-0: Ground out 6-3 (Groundball, 6S)
Batting: RHB Vincente Flores 0-0: SINGLE (Groundball, 56D)
Batting: SHB Edward Sterrenburg 0-0: Ball
1-0: Called Strike
1-1: Foul Ball, location: 2F
1-2: Ground out 5-3 (Groundball, 56)
Top of the 2nd over - 0 runs, 1 hit, 0 errors, 1 left on base; Mercer Island 0 - Tacoma 0
BOTTOM OF THE 2ND
Tacoma Fur Traders batting - Pitching for Mercer Island Screaming Eagles : RHP Harrison Tuff
Batting: RHB Amon-Ra St. Brown 0-0: Ball
1-0: Called Strike
1-1: Ball
2-1: Fly out, F8 (Flyball, 89S)
Batting: RHB Mike Case 0-0: Ball
1-0: Fly out, F8 (Flyball, 8RD)
Batting: RHB Alan Patterson 0-0: Called Strike
0-1: Ground out 5-3 (Groundball, 5L)
Bottom of the 2nd over - 0 runs, 0 hits, 0 errors, 0 left on base; Mercer Island 0 - Tacoma 0
TOP OF THE 3RD
Mercer Island Screaming Eagles batting - Pitching for Tacoma Fur Traders : LHP Daniel Ryan
Batting: LHB Jorge Pérez 0-0: Ball
1-0: Ground out 5-3 (Groundball, 56)
Batting: SHB Ray Davis 0-0: Swinging Strike
0-1: Foul Ball, location: 2F
0-2: Foul Ball, location: 2F
0-2: Ball
1-2: Foul Ball, location: 2F
1-2: Foul Ball, location: 2F
1-2: Foul Ball, location: 2F
1-2: Ground out 4-3 (Groundball, 34)
Batting: RHB Yu-shu Kang 0-0: Ball
1-0: Ball
2-0: Fly out, F7 (Flyball, 7)
Top of the 3rd over - 0 runs, 0 hits, 0 errors, 0 left on base; Mercer Island 0 - Tacoma 0
BOTTOM OF THE 3RD
Tacoma Fur Traders batting - Pitching for Mercer Island Screaming Eagles : RHP Harrison Tuff
Batting: RHB Michael Palledorous 0-0: Swinging Strike
0-1: Called Strike
0-2: Strikes out looking
Batting: RHB Bill Perkins 0-0: Foul Ball, location: 2F
0-1: Swinging Strike
0-2: Ball
1-2: Ball
2-2: Ball
3-2: DOUBLE (Flyball, 89XD)
Batting: RHB Gerardo Herváz 0-0: Ball
1-0: Ball
2-0: Foul Ball, location: 2F
2-1: Foul Ball, location: 2F
2-2: Fly out, F8 (Line Drive, 8RM)
Batting: RHB Jeremy Geertsen 0-0: Ball
1-0: Called Strike
1-1: Ball
2-1: Foul Ball, location: 2F
2-2: Ball
3-2: Base on Balls
Batting: RHB Ricardo Sandoval 0-0: Swinging Strike
0-1: Foul Ball, location: 2F
0-2: Ball
1-2: Ball
2-2: Ball
3-2: DOUBLE (Line Drive, 78XD)
Bill Perkins scores
Jeremy Geertsen to third
Jeremy Geertsen scores
Batting: RHB Daryl Yandell 0-0: Foul Ball, location: 2F
0-1: Foul Ball, location: 2F
0-2: Fly out, F8 (Flyball, 78D)
Bottom of the 3rd over - 2 runs, 2 hits, 0 errors, 1 left on base; Mercer Island 0 - Tacoma 2
TOP OF THE 4TH
Mercer Island Screaming Eagles batting - Pitching for Tacoma Fur Traders : LHP Daniel Ryan
Batting: RHB Pedro Hernández 0-0: Ball
1-0: SINGLE (Groundball, 56D)
Batting: SHB Arnold Griffith 0-0: Swinging Strike
0-1: Called Strike
0-2: Foul Ball, location: 2F
0-2: Ball
1-2: Ground out 5-3 (Groundball, 56S)
Pedro Hernández to second
Batting: SHB Serious Lee 0-0: Ball
1-0: Fly out, F9 (Flyball, 9LM)
Runner from 2nd tags up, SAFE at 3rd with throw
Batting: RHB Juan Reyes 0-0: Ball
1-0: Ball
Wild Pitch!
Pedro Hernández scores
2-0: Ball
3-0: Base on Balls
Batting: RHB Vincente Flores 0-0: Ball
1-0: Ball
2-0: Foul Ball, location: 2F
2-1: Ball
3-1: Base on Balls
Juan Reyes to second
Batting: SHB Edward Sterrenburg 0-0: Ball
1-0: Called Strike
1-1: Foul Ball, location: 2F
1-2: Ball
2-2: SINGLE (Groundball, 4) (infield hit)
Juan Reyes to third
Vincente Flores to second
Batting: LHB Jorge Pérez 0-0: SINGLE (Line Drive, 89M)
Juan Reyes scores
Vincente Flores to third
Edward Sterrenburg to second
Runner from 3rd tries for Home, SAFE, no throw
Batting: SHB Ray Davis 0-0: Ball
1-0: Swinging Strike
1-1: Ball
2-1: Called Strike
2-2: Strikes out looking
Top of the 4th over - 3 runs, 3 hits, 0 errors, 2 left on base; Mercer Island 3 - Tacoma 2
BOTTOM OF THE 4TH
Tacoma Fur Traders batting - Pitching for Mercer Island Screaming Eagles : RHP Harrison Tuff
Batting: RHB Amon-Ra St. Brown 0-0: Swinging Strike
0-1: Ball
1-1: Swinging Strike
1-2: Ball
2-2: Fly out, F7 (Line Drive, 78M)
Batting: RHB Mike Case 0-0: Ball
1-0: Foul Ball, location: 2F
1-1: Swinging Strike
1-2: Fly out, F4 (Popup, 4)
Batting: RHB Alan Patterson 0-0: Ball
1-0: Ball
2-0: Fly out, F7 (Flyball, 7S)
Bottom of the 4th over - 0 runs, 0 hits, 0 errors, 0 left on base; Mercer Island 3 - Tacoma 2
TOP OF THE 5TH
Mercer Island Screaming Eagles batting - Pitching for Tacoma Fur Traders : LHP Daniel Ryan
Batting: RHB Yu-shu Kang 0-0: Ball
1-0: Foul Ball, location: 2F
1-1: Called Strike
1-2: Foul Ball, location: 2F
1-2: Ground out 1-3 (Groundball, 13)
Batting: RHB Pedro Hernández 0-0: Ball
1-0: Called Strike
1-1: Called Strike
1-2: SOLO HOME RUN (Flyball, 9LD), Distance : 341 ft
Batting: SHB Arnold Griffith 0-0: Ball
1-0: Ball
2-0: Ball
3-0: Called Strike
3-1: Base on Balls
Batting: SHB Serious Lee 0-0: Ball
1-0: Ball
2-0: Ground out 4-3 (Groundball, 34)
Arnold Griffith to second
Batting: RHB Juan Reyes 0-0: Ball
1-0: Ball
2-0: Foul Ball, location: 2F
2-1: Foul Ball, location: 2F
2-2: Ball
Passed Ball!
Arnold Griffith to third
3-2: Fly out, F7 (Line Drive, 7)
Top of the 5th over - 1 run, 1 hit, 0 errors, 1 left on base; Mercer Island 4 - Tacoma 2
BOTTOM OF THE 5TH
Tacoma Fur Traders batting - Pitching for Mercer Island Screaming Eagles : RHP Harrison Tuff
Batting: RHB Michael Palledorous 0-0: Called Strike
0-1: Ball
1-1: Ball
2-1: Fly out, F7 (Flyball, 7LM)
Batting: RHB Bill Perkins 0-0: Called Strike
0-1: Ball
1-1: Ball
2-1: Swinging Strike
2-2: Foul Ball, location: 2F
2-2: Strikes out swinging
Batting: RHB Gerardo Herváz 0-0: Called Strike
0-1: Called Strike
0-2: Ball
1-2: SINGLE (Flyball, 7S)
Batting: RHB Jeremy Geertsen 0-0: Ball
1-0: Ball
2-0: SINGLE (Groundball, 6M) (infield hit)
Gerardo Herváz to second
Batting: RHB Ricardo Sandoval 0-0: Ball
1-0: Fly out, F4 (Line Drive, 4M)
Bottom of the 5th over - 0 runs, 2 hits, 0 errors, 2 left on base; Mercer Island 4 - Tacoma 2
TOP OF THE 6TH
Mercer Island Screaming Eagles batting - Pitching for Tacoma Fur Traders : LHP Daniel Ryan
Batting: RHB Vincente Flores 0-0: Called Strike
0-1: Ball
1-1: Ball
2-1: Ball
3-1: Base on Balls
Batting: SHB Edward Sterrenburg 0-0: Called Strike
0-1: Foul Ball, location: 2F
0-2: Ball
1-2: Fielders Choice at 2nd, 4-6 (Groundball, 34)
Batting: LHB Jorge Pérez 0-0: Ball
1-0: Ground out 5-3 (Groundball, 56S)
Edward Sterrenburg to second
Pitching: RHP Francisco Luevanos
Batting: SHB Ray Davis 0-0: Swinging Strike
0-1: Ground out U3 (Groundball, 34)
Top of the 6th over - 0 runs, 0 hits, 0 errors, 1 left on base; Mercer Island 4 - Tacoma 2
BOTTOM OF THE 6TH
Tacoma Fur Traders batting - Pitching for Mercer Island Screaming Eagles : RHP Harrison Tuff
Batting: RHB Daryl Yandell 0-0: Called Strike
0-1: Foul Ball, location: 2F
0-2: Ball
1-2: Ball
2-2: Foul Ball, location: 2F
2-2: DOUBLE (Line Drive, 89D)
Batting: RHB Amon-Ra St. Brown 0-0: Foul Ball, location: 2F
0-1: Ball
1-1: DOUBLE (Flyball, 78D)
Daryl Yandell scores
Batting: RHB Mike Case 0-0: Ball
1-0: Called Strike
1-1: Ball
2-1: Ball
3-1: SINGLE (Line Drive, 9S)
Amon-Ra St. Brown to third
Runner from 3rd tries for Home, SAFE, no throw
Pitching: LHP Luis Ochoa
Batting: RHB Alan Patterson 0-0: Sac Bunt - play at first, batter safe!
Mike Case to second
Batting: RHB Michael Palledorous 0-0: Bunted foul
0-1: Bunted foul
0-2: Fly out, F9 (Flyball, 9S)
Batting: RHB Bill Perkins 0-0: Called Strike
0-1: Ball
1-1: Swinging Strike
1-2: Fly out, F5 (Popup, 56)
Batting: RHB Gerardo Herváz 0-0: Ball
1-0: Fly out, F4 (Popup, 4)
Bottom of the 6th over - 2 runs, 4 hits, 0 errors, 2 left on base; Mercer Island 4 - Tacoma 4
TOP OF THE 7TH
Mercer Island Screaming Eagles batting - Pitching for Tacoma Fur Traders : RHP Francisco Luevanos
Pinch Hitting: LHB Theo Fightmaster 0-0: Called Strike
0-1: Ball
1-1: Ground out 4-3 (Groundball, 4)
Batting: RHB Pedro Hernández 0-0: Ball
1-0: SOLO HOME RUN (Flyball, 7LD), Distance : 391 ft
Batting: SHB Arnold Griffith 0-0: SINGLE (Groundball, 6D)
Pinch Hitting: RHB Yosuke Hayashi 0-0: Ball
Arnold Griffith is caught stealing 2nd base
1-0: Ball
2-0: Foul Ball, location: 2F
2-1: Swinging Strike
2-2: Strikes out looking
Top of the 7th over - 1 run, 2 hits, 0 errors, 0 left on base; Mercer Island 5 - Tacoma 4
BOTTOM OF THE 7TH
Tacoma Fur Traders batting - Pitching for Mercer Island Screaming Eagles : LHP Luis Ochoa
Now in LF: Yosuke Hayashi
Batting: RHB Jeremy Geertsen 0-0: Swinging Strike
Now in CF: Alberto Enríquez 0-1: Ball
1-1: Fly out, F8 (Flyball, 8LXD)
Batting: RHB Ricardo Sandoval 0-0: Swinging Strike
0-1: Ball
1-1: Fly out, F9 (Flyball, 89S)
Batting: RHB Daryl Yandell 0-0: Swinging Strike
0-1: Ball
1-1: Fly out, F7 (Flyball, 7LM)
Bottom of the 7th over - 0 runs, 0 hits, 0 errors, 0 left on base; Mercer Island 5 - Tacoma 4
TOP OF THE 8TH
Mercer Island Screaming Eagles batting - Pitching for Tacoma Fur Traders : RHP Francisco Luevanos
Batting: RHB Juan Reyes 0-0: Called Strike
0-1: Ball
1-1: Swinging Strike
1-2: Foul Ball, location: 2F
1-2: Ball
2-2: DOUBLE (Line Drive, 78D)
Batting: RHB Vincente Flores 0-0: Called Strike
0-1: SINGLE (Flyball, 89M)
Juan Reyes to third
Runner from 3rd tries for Home, SAFE, no throw
Pitching: RHP Inocencio Galló
Batting: SHB Edward Sterrenburg 0-0: Ball
1-0: Ball
2-0: Called Strike
2-1: DOUBLE (Line Drive, 9LD)
Vincente Flores to third
Batting: LHB Jorge Pérez 0-0: Ball
1-0: Called Strike
1-1: Swinging Strike
1-2: Ball
2-2: Ball
3-2: Ground out 1-3 (Groundball, 15S)
Batting: SHB Ray Davis 0-0: Foul Ball, location: 2F
0-1: Swinging Strike
0-2: Ball
1-2: Strikes out swinging
Batting: LHB Alberto Enríquez 0-0: Called Strike
0-1: Swinging Strike
0-2: Strikes out swinging
Top of the 8th over - 1 run, 3 hits, 0 errors, 2 left on base; Mercer Island 6 - Tacoma 4
BOTTOM OF THE 8TH
Tacoma Fur Traders batting - Pitching for Mercer Island Screaming Eagles : LHP Luis Ochoa
Batting: RHB Amon-Ra St. Brown 0-0: Ball
1-0: Ball
2-0: Foul Ball, location: 2F
2-1: Ground out 3-1 (Groundball, 34S)
Batting: RHB Mike Case 0-0: SINGLE (Groundball, 34D)
Batting: RHB Alan Patterson 0-0: Called Strike
0-1: Ball
1-1: Hit by Pitch
Mike Case to second
Pitching: RHP Esteban Miroz
Batting: RHB Michael Palledorous 0-0: Swinging Strike
0-1: Ball
1-1: Swinging Strike
1-2: Grounds into double play, 6-4-3 (Groundball, 56)
Bottom of the 8th over - 0 runs, 1 hit, 0 errors, 1 left on base; Mercer Island 6 - Tacoma 4
TOP OF THE 9TH
Mercer Island Screaming Eagles batting - Pitching for Tacoma Fur Traders : RHP Inocencio Galló
Batting: RHB Pedro Hernández 0-0: Called Strike
0-1: Called Strike
0-2: Ball
1-2: Ball
2-2: Ball
3-2: Foul Ball, location: 2F
3-2: Base on Balls
Batting: SHB Arnold Griffith 0-0: Ball
1-0: Ball
2-0: Foul Ball, location: 2F
2-1: Ball
3-1: Base on Balls
Pedro Hernández to second
Batting: RHB Yosuke Hayashi 0-0: Ball
1-0: Called Strike
1-1: 3-RUN HOME RUN (Flyball, 7LD), Distance : 373 ft
Batting: RHB Juan Reyes 0-0: Foul Ball, location: 2F
0-1: Foul Ball, location: 2F
0-2: Fly out, F6 (Popup, 56)
Batting: RHB Vincente Flores 0-0: Swinging Strike
0-1: Ball
1-1: Foul Ball, location: 2F
1-2: Strikes out swinging
Batting: SHB Edward Sterrenburg 0-0: Ball
1-0: Ball
2-0: SINGLE (Groundball, 34D)
Batting: LHB Jorge Pérez 0-0: Called Strike
0-1: Ball
1-1: Ground out 1-3 (Groundball, 13)
Top of the 9th over - 3 runs, 2 hits, 0 errors, 1 left on base; Mercer Island 9 - Tacoma 4
BOTTOM OF THE 9TH
Tacoma Fur Traders batting - Pitching for Mercer Island Screaming Eagles : RHP Esteban Miroz
Batting: RHB Bill Perkins 0-0: Ball
1-0: Called Strike
1-1: Foul Ball, location: 2F
1-2: Strikes out swinging
Batting: RHB Gerardo Herváz 0-0: Called Strike
0-1: Swinging Strike
0-2: Strikes out looking
Batting: RHB Jeremy Geertsen 0-0: Ball
1-0: SOLO HOME RUN (Line Drive, 8LXD), Distance : 449 ft
Batting: RHB Ricardo Sandoval 0-0: Ball
1-0: Called Strike
1-1: Fly out, F9 (Flyball, 9D)
Bottom of the 9th over - 1 run, 1 hit, 0 errors, 0 left on base; Mercer Island 9 - Tacoma 5
Tuesday, June 12th, 2018 - OOTP Baseball 18.8 Build 76